 Dungeon Crawl Stone Soup version 0.29-a0-1052-g6990b1bffc (webtiles) character file.

Game seed: 6205950817316189152

6 drugrobin the Sneak (level 1, -1/18 HPs)
             Began as a Demigod Delver on Aug 17, 2022.
             Slain by an orc wizard
             ... wielding a +0 dagger
              (2 damage)
             ... on level 5 of the Dungeon.
             The game lasted 00:02:30 (299 turns).

drugrobin the Sneak (Demigod Delver)                 Turns: 299, Time: 00:02:31

Health: -1/18      AC:  3    Str: 13    XL:     1   Next: 60%
Magic:  3/3        EV: 12    Int: 12    God:
Gold:   56         SH:  0    Dex: 15    Spells: 0/0 levels left

rFire   . . .      SeeInvis .   a - +0 hand axe
rCold   . . .      Faith    .   (no shield)
rNeg    . . .      Spirit   .   b - +0 leather armour
rPois   .          Reflect  .   (no helmet)
rElec   .          Harm     .   (no cloak)
rCorr   .          Rampage  .   (no gloves)
Will    .....                   (no boots)
Stlth   +++.......              (no amulet)
HPRegen 0.06/turn               (no ring)
MPRegen 0.08/turn               (no ring)

@: hasted, very quick
A: high MP 1, forlorn, divine attributes
a: no special abilities


You were on level 5 of the Dungeon.
You visited 1 branch of the dungeon, and saw 2 of its levels.

You collected 56 gold pieces.

Inventory:

Hand Weapons
 a - a +0 hand axe (weapon)
Armour
 b - a +0 leather armour (worn)
Scrolls
 c - a scroll of fog
 e - a scroll of fear


   Skills:
 + Level 2.8 Fighting
 + Level 1.9 Axes
 + Level 1.9 Dodging
 + Level 4.6 Stealth


You couldn't memorise any spells.
You didn't know any spells.
Your spell library was empty.

Dungeon Overview and Level Annotations

Branches:
Dungeon (5/15)             Temple (0/1) D:4

Shops:
D:5 [

Annotations:
D:4 3 runed translucent doors, flotson's ghost, weakling DsDe
D:5 1 runed translucent door, Adrian566's ghost, novice DsFi; Prince Ribbit


Innate Abilities, Weirdness & Mutations

You have an increased reservoir of magic. (+10% MP)
You shall have no god before yourself.
Your divine heritage dramatically boosts your attributes as you level up.


Message History

Unknown command.
Unknown command.
Unknown command.
You hit the orc.
The orc is heavily wounded.
The orc closely misses you.
An orc wizard comes into view. It is wielding a +0 dagger.
Unknown command.
Unknown command.
You hit the orc.
You kill the orc!
The orc barely misses you.
The orc wizard mumbles some strange words.
The orc wizard flickers and vanishes!
Deactivating autopickup; reactivate with Ctrl-A.
Unknown command.
Unknown command.
Unknown command.
Unknown command.
Unknown command.
Unknown command.
Unknown command.
You hit the orc.
The orc is almost dead.
Unknown command.
Unknown command.
You hit the orc but do no damage.
The orc is almost dead.
The orc misses you.
Unknown command.
Unknown command.
You barely miss the orc. You punch the orc, but do no damage.
The orc is almost dead.
You closely miss something. Something hits you.
* * * LOW HITPOINT WARNING * * *
The orc hits you but does no damage.
Unknown command.
Unknown command.
You feel yourself speed up. Something hits you.
You die...

,,**,*,* *,,* *,*,,,,,,****
*,**,*,* #..# *,*,**,,,,,,,
,,**,*,*******#..#***,*,*********
*,**,#....,,,,...#,,,,*,*
#.**:..#.#****#..#,****,*
#..,.....# #..#,* *,* #.#*#....#
#..#,# *,* ..# #....# #.o#.# *,*
#.# #....# ##.@).# *,*
#.###....#####.###.#***,*
#..............# *,..,,,*
#..##..>###.##.#**,*##***
...##...∩...###..o#*
######.######**.### #..,,,,,,,.#
####******##


You could see an orc.

Vanquished Creatures
  An orc (D:5)
  An endoplasm (D:4)
  A giant cockroach (D:4)
  A goblin (D:4)
4 creatures vanquished.

Notes
Turn   | Place    | Note
-------+----------+-------------------------------------------
     0 | D:5      | drugrobin the Demigod Delver began the quest for the Orb.
     0 | D:5      | Reached XP level 1. HP: 18/18 MP: 3/3
    35 | D:5      | Found a runed translucent door.
    35 | D:5      | Noticed Adrian566's ghost (novice DsFi)
    48 | D:5      | Noticed Prince Ribbit
    60 | D:5      | Noticed a gnoll bouda
    65 | D:5      | Noticed an orc wizard
    65 | D:5      | Noticed an orc wizard
    65 | D:5      | Noticed an orc priest
    71 | D:5      | Noticed an ogre
   107 | D:4      | Found a staircase to the Ecumenical Temple.
   194 | D:4      | Found a runed translucent gate.
   195 | D:4      | Found a runed translucent gate.
   196 | D:4      | Found a runed translucent gate.
   198 | D:4      | Noticed flotson's ghost (weakling DsDe)
   198 | D:4      | Noticed a necrophage
   220 | D:4      | Noticed an orc priest
   238 | D:5      | Noticed an ice beast
   278 | D:5      | Found Fuha's Antique Armour Shoppe.
   289 | D:5      | Noticed an orc wizard
   294 | D:5      | Noticed an orc wizard
   299 | D:5      | Slain by an orc wizard

Illustrated notes

Levels and vault maps discovered:
D:4:      layout_cave_pods, minmay_temple_entry_overgrown, ebering_ghost_gozag
D:5:      layout_loops_ring, old_standard_altar, nicolae_overflow_squiral,
          ebering_ghost_sewer_f, portal_sewer_entry_e, serial_shops, shop,
          uniq_prince_ribbit1, uniq_sigmund, uniq_ijyb

Action                   || total
-------------------------++-------
Melee: Hand axe          ||    14
       Punch             ||     1
Evoke: Wand              ||     3
  Use: Potion            ||     2
       Scroll            ||     1
Armor: Leather armour    ||     3
Dodge: Dodged            ||    12

Table legend: (Time is in decaauts)
 A = Elapsed time spent in this place.
 B = Non-inter-level travel time spent in this place.
 C = Inter-level travel time spent in this place.
 D = Time resting spent in this place.
 E = Time spent auto-exploring this place.
 F = Levels seen in this place.
 G = Mean time per level.
                   A        B        C        D        E       F      G
               +--------+--------+--------+--------+--------+-----+--------+
         Total |    301 |    284 |     17 |      0 |      0 |   2 |  150.5 |
       Dungeon |    301 |    284 |     17 |      0 |      0 |   2 |  150.5 |
               +--------+--------+--------+--------+--------+-----+--------+

Top non-repeatable levels by time:
     D:4: 163 daAuts
     D:5: 137 daAuts
